 Dungeon Crawl Stone Soup version 0.28-a0-616-gdeb3d7f7b4 (webtiles) character file.

Game seed: 1735405103815103363

98 KristoblXynda the Slasher (level 4, 0/38 HPs)
             Began as a Draconian Gladiator on Oct 6, 2021.
             Slain by a gnoll (7 damage)
             ... on level 3 of the Dungeon.
             The game lasted 00:02:39 (2735 turns).

KristoblXynda the Slasher (Draconian Gladiator)     Turns: 2735, Time: 00:02:40

Health: 0/38       AC:  5    Str: 17    XL:     4   Next: 44%
Magic:  4/4        EV: 12    Int:  9    God:
Gold:   170        SH:  6    Dex: 12    Spells: 3/3 levels left

rFire   . . .      SeeInvis .   a - +0 long sword
rCold   . . .      Faith    .   e - +2 buckler
rNeg    . . .      Spirit   .   (armour unavailable)
rPois   .          Reflect  .   b - +0 hat
rElec   .          Harm     .   (no cloak)
rCorr   .          Rampage  .   (no gloves)
Will    .....                   (no boots)
Stlth   +.........              (no amulet)
HPRegen 0.12/turn               (no ring)
MPRegen 0.09/turn               (no ring)

@: no status effects
A: AC +5, unfitting armour, cold-blooded
a: no special abilities


You were on level 3 of the Dungeon.
You visited 1 branch of the dungeon, and saw 3 of its levels.

You collected 170 gold pieces.

Inventory:

Hand Weapons
 a - a +0 long sword (weapon)
Missiles
 c - 3 throwing nets (quivered)
Armour
 b - a +0 hat (worn)
 e - a +2 buckler (worn)
Scrolls
 f - 2 scrolls of noise {unknown}
 g - a scroll of silence {unknown}
 h - 2 scrolls of identify
 i - a scroll of enchant weapon {unknown}
 j - a scroll of blinking {unknown}
 l - a scroll of fog {unknown}
Potions
 d - a potion of mutation
 k - a potion of resistance
 m - a potion of curing
 n - a potion of degeneration {unknown}


   Skills:
 - Level 3.1 Fighting
 * Level 3.7 Long Blades
 - Level 2.0 Throwing
 + Level 3.3 Dodging
 + Level 1.5 Shields


You had 3 spell levels left.
You didn't know any spells.
Your spell library contained the following spells:

 Spells                   Type           Power      Damage    Failure   Level
 Searing Ray              Conj           0%         2d4       63%         2
 Fulminant Prism          Conj/Hex       0%         3d6       99%         4
 Orb of Destruction       Conj           0%         N/A       100%        7


Dungeon Overview and Level Annotations

Branches:
Dungeon (3/15)

Altars:
Kikubaaqudgha
Qazlal


Innate Abilities, Weirdness & Mutations

Your plain brown scales are hard. (AC +5)
You cannot fit into any form of body armour.
You are cold-blooded and may be slowed by cold attacks.


Message History

The gnoll shaman calls down the wrath of its god upon you.
You are outlined in light.
The gnoll shaman barely misses you.
You hit the gnoll shaman.
You tail-slap the gnoll shaman, but do no damage.
The gnoll shaman is lightly wounded.
The gnoll hits you from afar with a +0 halberd.
The gnoll shaman hits you with a +0 whip!
You slash the gnoll shaman! You tail-slap the gnoll shaman.
The gnoll shaman is heavily wounded.
The gnoll hits you from afar with a +0 halberd.
The gnoll shaman hits you with a +0 whip.
The gnoll shaman calls upon its god to speed up the gnoll.
The gnoll seems to speed up.
You hear a shout!
The gnoll shaman prays to its god.
The gnoll shaman is healed somewhat.
The gnoll shouts!
You feel better.
You hit the gnoll but do no damage.
Your tail-slap misses the gnoll.
The gnoll hits you with a +0 club.
You slash the gnoll!
The gnoll is almost dead.
The gnoll shaman hits you but does no damage.
You block the gnoll's attack.
The gnoll hits you from afar with a +0 halberd.
The gnoll shaman hits you with a +0 whip.
You slash the gnoll!
You kill the gnoll!
The gnoll hits you from afar with a +0 halberd!
* * * LOW HITPOINT WARNING * * *
The gnoll completely misses you. You block the gnoll shaman's attack.
You see here a +0 club.
You are no longer glowing.
The gnoll shouts! x2
The gnoll closely misses you. The gnoll closely misses you.
There is a stone staircase leading up here.
The gnoll hits you with a +0 flail!
You die...

.## #.#g#.#.#
#.# .# #.#.#
..# #.# .#
#.#g###.#.#.#
.#
#.#..gg...#.#
.#
#.####g####.##
.#
#............#
.#
######.#######
.# #.g.# .#
#.#@# .###
#.#.# ...#
#.#.# .#.#
#.... .#.#
###.# .#.# #.#
.#.# #.# .#.#
#=. ...#


You could see a gnoll shaman and 3 gnolls.

Vanquished Creatures
  A gnoll (D:3)
  2 adders
  A dart slug (D:1)
  2 orcs (D:3)
  7 endoplasms
  5 giant cockroaches
  3 goblins
  7 hobgoblins
  6 jackals
  3 quokkas (D:1)
  6 ball pythons
  6 bats
  3 frilled lizards
  4 kobolds
  7 rats
63 creatures vanquished.

Vanquished Creatures (others)
  7 plants (D:2)
7 creatures vanquished.

Grand Total: 70 creatures vanquished

Notes
Turn   | Place    | Note
-------+----------+-------------------------------------------
     0 | D:1      | KristoblXynda the Draconian Gladiator began the quest for
                  | the Orb.
     0 | D:1      | Reached XP level 1. HP: 17/17 MP: 1/1
   275 | D:1      | Reached XP level 2. HP: 25/25 MP: 2/2
   793 | D:1      | Reached XP level 3. HP: 27/30 MP: 3/3
  1074 | D:2      | Reached skill level 1 in Shields
  1155 | D:2      | Found a faded altar of an unknown god.
  1599 | D:3      | Reached XP level 4. HP: 38/38 MP: 4/4
  1832 | D:3      | Found a stormy altar of Qazlal.
  1840 | D:3      | Got the Disquisition on Attacks
  1947 | D:3      | Found an ancient bone altar of Kikubaaqudgha.
  2735 | D:3      | Slain by a gnoll

Illustrated notes

Levels and vault maps discovered:
D:1:      minmay_arrival_cross, layout_basic
D:2:      layout_rooms, shapermc_ecumenical_altar_mp_ritualfount,
          serial_bayou_ford_a, kennysheep_pointless_box, minmay_crystal_room,
          grunt_decor_fettered
D:3:      layout_basic, mainiacjoe_overflow_catch_the_wave

Skill      XL: |  1  2  3 |
---------------+----------+-----
Throwing       | 2 |  2.0
Dodging        | 3 |  3.3
Shields        | 1 |  1.5
Fighting       | 3 |  3.1
Long Blades    | |  3.7

Action                   |  1- 3 |  4- 6 || total
-------------------------+-------+-------++-------
Melee: Long sword        |   135 |    66 ||   201
       Tailslap          |    17 |    10 ||    27
  Use: Scroll            |     2 |     1 ||     3
       Potion            |       |     1 ||     1
 Stab: Sleeping          |     5 |     2 ||     7
Armor: Skin              |    45 |    23 ||    68
Dodge: Dodged            |    91 |    43 ||   134
Block: Buckler           |    50 |    18 ||    68

Table legend: (Time is in decaauts)
 A = Elapsed time spent in this place.
 B = Non-inter-level travel time spent in this place.
 C = Inter-level travel time spent in this place.
 D = Time resting spent in this place.
 E = Time spent auto-exploring this place.
 F = Levels seen in this place.
 G = Mean time per level.
                   A        B        C        D        E       F      G
               +--------+--------+--------+--------+--------+-----+--------+
         Total |   2810 |   2753 |     57 |    389 |   1822 |   3 |  936.7 |
       Dungeon |   2810 |   2753 |     57 |    389 |   1822 |   3 |  936.7 |
               +--------+--------+--------+--------+--------+-----+--------+

Top non-repeatable levels by time:
     D:1: 1016 daAuts
     D:3: 1008 daAuts
     D:2: 785 daAuts
